 Dungeon Crawl Stone Soup version 0.28.0-43-g3370ac3207 (webtiles) character file.

Game seed: 11043252105625014299

67 Ablot the Grasshopper (level 4, -8/34 (38) HPs)
             Began as a Gnoll Warper on Mar 12, 2022.
             Killed by nerve-wracking pain
             ... invoked by Grinder
              (13 damage)
             ... on level 3 of the Dungeon.
             The game lasted 00:02:19 (1598 turns).

Ablot the Grasshopper (Gnoll Warper)                Turns: 1598, Time: 00:02:20

HP:   -8/34 (38)    AC:  3    Str: 12    XL:     4   Next: 16%
MP:   8/11          EV: 12    Int: 13    God:
Gold: 36            SH:  5    Dex: 11    Spells: 11/13 levels left

rFire   . . .      SeeInvis .   a - +0 spear
rCold   . . .      Faith    .   (no shield)
rNeg    . . .      Spirit   .   b - +0 leather armour
rPois   .          Reflect  +   (no helmet)
rElec   .          Harm     .   (no cloak)
rCorr   .          Rampage  .   (no gloves)
Will    .....                   (no boots)
Stlth   +.........              l - amulet of reflection
HPRegen 0.11/turn               (no ring)
MPRegen 0.12/turn               (no ring)

@: heavily drained
A: fangs 1, strong nose, distributed training
a: no special abilities


You were on level 3 of the Dungeon.
You visited 1 branch of the dungeon, and saw 3 of its levels.

You collected 36 gold pieces.

Inventory:

Hand Weapons
 a - a +0 spear (weapon)
Missiles
 d - 5 boomerangs of dispersal (quivered)
 f - 47 stones
 o - 17 sling bullets
Armour
 b - a +0 leather armour (worn)
Magical Staves
 j - a staff of earth
Jewellery
 l - an amulet of reflection (around neck)
Scrolls
 c - a scroll of blinking
 g - a scroll of fear {unknown}
 h - a scroll of identify {unknown}
 k - a scroll of holy word {unknown}
 n - 2 scrolls of enchant weapon {unknown}
 p - 2 scrolls of teleportation {unknown}
Potions
 e - 3 potions of flight {unknown}
 i - a potion of berserk rage {unknown}
 m - a potion of heal wounds {unknown}
 r - a potion of curing {unknown}


   Skills:
 + Level 4.6 Fighting
 + Level 1.0 Short Blades
 + Level 1.0 Long Blades
 + Level 1.0 Axes
 + Level 1.0 Maces & Flails
 + Level 4.6 Polearms
 + Level 1.0 Staves
 + Level 1.0 Slings
 + Level 1.0 Bows
 + Level 1.0 Crossbows
 + Level 2.7 Throwing
 + Level 2.7 Armour
 + Level 4.6 Dodging
 + Level 1.0 Stealth
 + Level 1.0 Shields
 + Level 1.0 Unarmed Combat
 + Level 5.0 Spellcasting
 + Level 0.8 Conjurations
 + Level 0.8 Hexes
 + Level 0.8 Summonings
 + Level 0.8 Necromancy
 + Level 5.4 Translocations
 + Level 0.8 Transmutations
 + Level 0.8 Fire Magic
 + Level 0.8 Ice Magic
 + Level 0.8 Air Magic
 + Level 0.8 Earth Magic
 + Level 0.8 Poison Magic
 + Level 1.1 Invocations
 + Level 1.0 Evocations


You had 11 spell levels left.
You knew the following spells:

 Your Spells              Type           Power      Damage    Failure   Level
a - Blink                 Tloc           34%        N/A       3%          2

Your spell library contained the following spells:

 Spells                   Type           Power      Damage    Failure   Level
 Gell's Gravitas          Tloc           17%        N/A       8%          3
 Lesser Beckoning         Tloc           17%        N/A       8%          3
 Teleport Other           Tloc           17%        N/A       8%          3
 Summon Small Mammal      Summ           20%        N/A       17%         1
 Call Canine Familiar     Summ           5%         N/A       45%         3
 Summon Guardian Golem    Hex/Summ       5%         N/A       45%         3
 Manifold Assault         Tloc           17%        N/A       56%         5


Dungeon Overview and Level Annotations

Branches:
Dungeon (3/15)

Altars:

Annotations:
D:2 Terence
D:3 Grinder


Innate Abilities, Weirdness & Mutations

You have very sharp teeth.
Your uncanny sense of smell can sniff out nearby items.
Your experience applies equally to all skills.


Message History

The poisoned dart closely misses Terence.
Terence hits you with the +7 Throatcutter {drain, coup de grace}!
* * * LOW HITPOINT WARNING * * *
You feel drained.
* * * LOW HITPOINT WARNING * * *
Unknown command.
Casting: Blink (safe; 3% risk of failure)
Confirm with . or Enter, or press ? or * to list all spells.
You blink.
Terence shouts, "Get ready for death!"
You feel stable enough to blink again.
Casting: Blink (safe; 3% risk of failure)
Confirm with . or Enter, or press ? or * to list all spells.
You blink.
Throw: dart (poison)
Press: ? - help, Q - select action, (/) - cycle Shift-Dir - straight line, f/p - Terence
Aim: Terence, wielding the +7 Throatcutter {drain, coup de grace} and wearing a +0 scale mail (63% to hit)
You throw a poisoned dart.
The poisoned dart barely misses Terence.
You feel stable enough to blink again.
There is a stone staircase leading down here.
You climb downwards.
Found 2 murky white potions and a scroll labelled UNIUGU VEOMIO.
There is a stone staircase leading up here.
Unknown command.
A rat comes into view.
You see here 2 murky white potions.
e - 3 murky white potions (gained 2) Grinder gestures at you.
You suddenly lose the ability to move!
Grinder blinks!
The rat barely misses you.
You can move again.
Unknown command.
Unknown command.
Grinder blinks!
The rat misses you. The rat closely misses you.
There is a stone staircase leading up here.
Grinder gestures at you. Pain shoots through your body!
You die...

.#.# ....
.... . ...
.. ∆
#.#####.##
#.........
#.......#
#.@..5..#
#r......#
#........#
#.........
#.......#?
#########


You could see Grinder and a rat.

Vanquished Creatures
  Jessica (D:2)
  An adder (D:2)
  3 dart slugs
  4 endoplasms
  A giant cockroach (D:1)
  4 goblins
  2 hobgoblins
  3 jackals (D:1)
  3 frilled lizards (D:1)
  A kobold (D:1)
  3 rats
26 creatures vanquished.

Notes
Turn   | Place    | Note
-------+----------+-------------------------------------------
     0 | D:1      | Ablot the Gnoll Warper began the quest for the Orb.
     0 | D:1      | Reached XP level 1. HP: 20/20 MP: 6/6
   259 | D:1      | Reached XP level 2. HP: 26/26 MP: 7/7
   903 | D:2      | Noticed Terence
   990 | D:2      | Noticed Jessica
   999 | D:2      | Killed Jessica
  1000 | D:2      | Reached skill level 5 in Spellcasting
  1000 | D:2      | Reached skill level 1 in Invocations
  1000 | D:2      | Reached XP level 3. HP: 21/31 MP: 7/9
  1012 | D:2      | Learned a level 2 spell: Blink
  1284 | D:2      | Reached skill level 1 in Short Blades
  1284 | D:2      | Reached skill level 1 in Long Blades
  1284 | D:2      | Reached skill level 1 in Axes
  1284 | D:2      | Reached skill level 1 in Maces & Flails
  1284 | D:2      | Reached skill level 1 in Staves
  1284 | D:2      | Reached skill level 1 in Slings
  1284 | D:2      | Reached skill level 1 in Bows
  1284 | D:2      | Reached skill level 1 in Crossbows
  1284 | D:2      | Reached skill level 1 in Stealth
  1284 | D:2      | Reached skill level 1 in Shields
  1284 | D:2      | Reached skill level 1 in Unarmed Combat
  1284 | D:2      | Reached skill level 1 in Evocations
  1292 | D:2      | Reached XP level 4. HP: 38/38 MP: 11/11
  1589 | D:3      | Noticed Grinder
  1592 | D:3      | Paralysed by Grinder for 4 turns
  1598 | D:3      | Killed from afar by Grinder

Illustrated notes

Levels and vault maps discovered:
D:1:      evilmike_arrival_hilbert_curve, layout_basic, nrook_mini_backslash,
          dk_noncrumbling_3
D:2:      layout_loops_ring, chequers_serial_rivers_small_b,
          hangedman_decor_clover_reticule, uniq_sigmund, uniq_jessica,
          uniq_terence
D:3:      layout_rooms, shapermc_ecumenical_altar_starsandcircs,
          uniq_crazy_yiuf_cottage, uniq_grinder, uniq_natasha

Skill      XL: |  1  2  3 |
---------------+----------+-----
Spellcasting   | 5 |  5.0
Invocations    | 1 |  1.1
Short Blades   | 1 |  1.0
Long Blades    | 1 |  1.0
Axes           | 1 |  1.0
Maces & Flails | 1 |  1.0
Staves         | 1 |  1.0
Slings         | 1 |  1.0
Bows           | 1 |  1.0
Crossbows      | 1 |  1.0
Stealth        | 1 |  1.0
Shields        | 1 |  1.0
Unarmed Combat | 1 |  1.0
Evocations     | 1 |  1.0
Fighting       | |  4.6
Polearms       | |  4.6
Throwing       | |  2.7
Armour         | |  2.7
Dodging        | |  4.6
Conjurations   | |  0.8
Hexes          | |  0.8
Summonings     | |  0.8
Necromancy     | |  0.8
Translocations | |  5.4
Transmutations | |  0.8
Fire Magic     | |  0.8
Ice Magic      | |  0.8
Air Magic      | |  0.8
Earth Magic    | |  0.8
Poison Magic   | |  0.8

Action                   |  1- 3 |  4- 6 || total
-------------------------+-------+-------++-------
Melee: Spear             |    68 |    20 ||    88
       Bite              |     4 |     1 ||     5
       Punch             |     1 |       ||     1
Throw: Dart              |       |     4 ||     4
 Cast: Blink             |       |     3 ||     3
 Stab: Sleeping          |     2 |       ||     2
Armor: Leather armour    |     5 |       ||     5
Dodge: Dodged            |    20 |     7 ||    27
Block: Other             |     2 |     1 ||     3
